AoeStats
← WING123456

Nomad

510528705Analyzed
4v4 RM · 22h ago on Oct 1, 2026· 42m 44s· 8 players
Game mode
Random Map
Map size
231×231
Population
200
Speed
Normal
Resources
Standard
Victory
Conquest
Starting age
Dark Age
Ending age
Imperial Age
RankedLock teamsTeams togetherTeam positionsShared explorationLock speedFull tech treeHidden civsTurbo modeCheats
Victory
Defeat
🇹🇼 Wei · Taiwan
1161
+18
🇨🇳 Italians · China
1140
+17
🇨🇳 Turks · China
1117
+17
🇨🇳 Koreans · China
1092
+18
🇨🇳 Burgundians · China
1191
-19
🇨🇳 Aztecs · China
1169
-18
🇨🇳 Persians · China
1131
-16
🇨🇳 Saxons · China
1111
-15
WING123456
3:25 Loom
13:11 Feudal Age
17:59 Castle Age
16:12 Fletching
16:12 Double-Bit Axe
17:53 Gold Mining
18:55 Fletching
19:19 Bow Saw
22:43 Bodkin Arrow
27:23 Silk Road
27:48 Ballistics
31:30 Wheelbarrow
34:30 Thumb Ring
38:02 Imperial Age
36:31 Stone Mining
37:47 Padded Archer Armor
38:32 Forging
38:56 Bracer
40:14 Chemistry
41:16 Leather Archer Armor
41:04 Scale Mail Armor
41:40 Iron Casting
43:35 Ring Archer Armor
43:36 Conscription
zz23397116zz
7:04 Loom
17:05 Feudal Age
19:12 Double-Bit Axe
20:00 Bloodlines
25:07 Castle Age
29:37 Castle Age
飘叶
5:13 Loom
12:44 Feudal Age
17:19 Castle Age
16:04 Double-Bit Axe
17:16 Gold Mining
17:22 Stone Mining
18:39 Fishing Lines
19:53 Wheelbarrow
21:50 Bow Saw
23:33 Gillnets
25:50 Gold Shaft Mining
29:27 Imperial Age
27:02 Fletching
28:05 Bodkin Arrow
30:01 Ballistics
30:35 Conscription
30:23 Bracer
32:11 Chemistry
31:13 Husbandry
32:34 Gold Shaft Mining
32:56 Hand Cart
34:28 Elite War Wagon
36:21 Cavalier
37:19 Scale Barding Armor
37:25 Forging
40:02 Iron Casting
39:48 Chain Barding Armor
40:46 Treadmill Crane
41:17 Masonry
adai
4:23 Loom
14:21 Feudal Age
22:14 Castle Age
20:22 Double-Bit Axe
20:49 Horse Collar
23:10 Town Watch
24:27 Bow Saw
25:42 Wheelbarrow
26:43 Fletching
26:59 Padded Archer Armor
28:32 Fletching
29:35 Leather Archer Armor
42:56 Gold Mining
阿酷丶
4:35 Loom
5:08 Loom
15:37 Feudal Age
24:25 Castle Age
30:43 Medium Warships
30:14 Fishing Lines
30:31 Fishing Lines
33:42 Double-Bit Axe
34:44 Bow Saw
35:15 Gillnets
36:45 Gold Mining
37:52 Wheelbarrow
38:57 Stone Mining
39:43 Gold Shaft Mining
42:09 Hand Cart
42:39 Horse Collar
叽里咕噜说啥呢
15:43 Feudal Age
14:00 Loom
18:21 Fishing Lines
20:44 Castle Age
21:06 Wheelbarrow
20:54 Double-Bit Axe
21:03 Stone Mining
21:04 Gold Mining
21:46 Squires
21:32 Gambesons
21:44 Fletching
22:22 Bow Saw
22:25 Scale Mail Armor
22:23 Bodkin Arrow
24:21 Town Watch
24:40 Treadmill Crane
25:00 Murder Holes
25:46 Gillnets
26:06 Medium Warships
26:04 Guard Tower
27:34 Ballistics
27:09 Horse Collar
28:43 Masonry
28:25 Arson
31:32 Gold Shaft Mining
31:46 Heavy Plow
38:33 Imperial Age
36:29 Chain Mail Armor
39:51 Plate Mail Armor
39:32 Forging
40:07 Crop Rotation
39:20 Elite Varangian Guard
41:45 Two-Man Saw
42:15 Chemistry
43:08 Iron Casting
42:53 Bracer
老k
5:07 Loom
14:55 Feudal Age
15:19 Man-at-Arms
16:44 Scale Mail Armor
20:15 Castle Age
18:49 Arson
18:48 Horse Collar
19:18 Fishing Lines
20:16 Forging
20:05 Double-Bit Axe
20:18 Long Swordsman
21:00 Squires
24:18 Chain Mail Armor
26:58 Gambesons
30:25 Iron Casting
29:54 Fletching
32:09 Wheelbarrow
31:21 Town Watch
32:04 Bodkin Arrow
32:54 Atlatl
33:21 Padded Archer Armor
33:16 Elite Skirmisher
34:22 Leather Archer Armor
36:09 Ballistics
不知天上水
12:08 Double-Bit Axe
12:23 Fishing Lines
16:33 Feudal Age
16:10 Gold Mining
18:38 Gillnets
20:50 Castle Age
20:30 Bow Saw
21:49 Gold Shaft Mining
21:04 Horse Collar
21:45 Cavalier
24:48 Heavy Plow
27:21 Two-Man Saw
28:03 Forging
28:56 Wheelbarrow
29:26 Scale Barding Armor
31:16 Hand Cart
32:57 Chain Barding Armor
33:13 Iron Casting
32:31 Town Watch
33:11 Husbandry
39:45 Imperial Age
39:26 Town Patrol
39:11 Loom
39:50 Paladin
Connection lost

Rejoining the realm…

Still unreachable

The connection could not be restored.

Session expired

The server has moved on; the page needs a fresh start.